 Dungeon Sprint DCSS version 0.15-a0-2352-g26abbdd (webtiles) character file.

7100000 BluebellGnoll the Champion of Chaos (level 23, -18/240 HPs)
             Began as a Centaur Warper on July 31, 2014.
             Was the Champion of Makhleb.
             Killed by the air
             ... invoked by a tyrant
              (59 damage)
             ... in the Dungeon (Sprint VIII: "Arena of Blood").
             The game lasted 00:04:48 (71 turns).

BluebellGnoll the Champion of Chaos (Centaur Warper)  Turns: 71, Time: 00:04:48

HP -18/240       AC  7     Str 15      XL: 23   Next: 96%
MP  16/47        EV 31     Int 12      God: Makhleb [******]
Gold 0           SH  0     Dex 18      Spells:  1 memorised, 75 levels left

rFire  . . .     SeeInvis .     l - +∞ Axe of Woe
rCold  . . .     Clarity  .     b - +0 leather armour
rNeg   . . .     rCorr    .     (no shield)
rPois  .         rRot     .     (no helmet)
rElec  .         Spirit   .     (no cloak)
SustAb .         Warding  .     (no gloves)
rMut   .         NoTele   +     (no barding)
Gourm  .                        (no amulet)
MR     +....                    (no ring)
                                (no ring)

@: very slightly contaminated, very quick, somewhat resistant to hostile
enchantments, very stealthy
A: hooves 3, deformed body, speed 2, tough skin 3
a: Minor Destruction, Lesser Servant of Makhleb, Major Destruction, Greater
Servant of Makhleb, Renounce Religion


You were in the Dungeon.
You worshipped Makhleb.
Makhleb was exalted by your worship.
You were not hungry.

You visited 1 branch

Inventory:

Hand weapons
 a - a +0 spear
 l - the +∞ Axe of Woe (weapon)
   (You found it in the Dungeon)
Missiles
 e - 5 tomahawks (quivered)
Armour
 b - a +0 leather armour (worn)
Comestibles
 f - a bread ration
Scrolls
 d - a scroll of blinking
Potions
 g - a potion of curing
 h - a potion of heal wounds
 i - a potion of haste
 j - 2 potions of magic
 k - a potion of berserk rage
Books
 c - a book of Spatial Translocations

   Spells                             Type                      Level
   *Apportation                       Translocation                1
   Blink                              Translocation                2
   Shroud of Golubria                 Charms/Translocation         2
   Portal Projectile                  Translocation                3
   Teleport Other                     Translocation                3
   Passage of Golubria                Translocation                4


   Skills:
 O Level 27 Fighting
 O Level 27 Axes
 O Level 27 Polearms
 + Level 18.0 Throwing
 + Level 25.4 Armour
 O Level 27 Dodging
 O Level 27 Stealth
 O Level 27 Spellcasting
 O Level 27 Translocations
 O Level 27 Invocations


You had 75 spell levels left.
You knew the following spells:

 Your Spells              Type           Power        Failure   Level  Hunger
a - Apportation           Tloc           ######....   0%          1    None


Dungeon Overview and Level Annotations

Branches:
Dungeon (1/1)

Altars:
Makhleb


Innate Abilities, Weirdness & Mutations

You have hooves in place of feet.
Armour fits poorly on your strangely shaped body.
You cover ground very quickly.
You have extremely tough skin (AC +3).


Message History

You hear a shout! x7
The tyrant mumbles some strange words. 2 orcs come into view.
You are too injured to fight recklessly!
Unknown command.
Unknown command.
Unknown command.
Unknown command.
You slice the tentacled monstrosity!!
You slaughter the tentacled monstrosity joyfully.
You kill the tentacled monstrosity!
You slice the large abomination like a ripe choko!!!
You hew the large abomination savagely.
You destroy the large abomination!
You slice the large abomination!!
You fatally mangle the large abomination.
You destroy the large abomination!
The tyrant waves its bony arms in wide circles.
The air twists around and strikes you!
You die...

###############
####.oXx.@.=......
##....XXX))........
.....oLXX##X##X###
....X.XXL).XL....
..####XOX§%##X##..


.oXOXXXL.XX... #.....L.Xz.#.#.. #...o.X%X......L ..#....X......... You could see
2 tentacled monstrosities, 3 tyrants, 15 large abominations, 2 meat berserkers
and 4 bags of meat.

Vanquished Creatures
  Harold (D)
  A hill giant (D)
  A hydra (D)
  2 liches (D)
  12 ogres (D)
  38 orcs (D)
  A skeletal warrior (D)
  9 vampire knights (D)
  4 tentacled monstrosities (D)
  9 small abominations (D)
  19 large abominations (D)
  5 crawling corpses (D)
102 creatures vanquished.

Vanquished Creatures (others)
  A crawling corpse (D)
1 creature vanquished.

Grand Total: 103 creatures vanquished

Notes
Turn   | Place    | Note
--------------------------------------------------------------
     0 | D        | BluebellGnoll, the Centaur Warper, began the quest for the Orb.
     0 | D        | Reached XP level 1. HP: 17/17 MP: 2/2
     4 | D        | Became a worshipper of Makhleb the Destroyer
     6 | D        | Noticed a bag of meat
     6 | D        | Noticed a bag of meat
     6 | D        | Noticed a bag of meat
     6 | D        | Noticed a bag of meat
     6 | D        | Noticed a meat berserker
     9 | D        | Killed a bag of meat
     9 | D        | Reached skill level 10 in Fighting
     9 | D        | Reached skill level 14 in Axes
     9 | D        | Reached skill level 16 in Invocations
     9 | D        | Reached XP level 2. HP: 21/39 MP: 3/12
     9 | D        | Reached XP level 3. HP: 24/46 MP: 3/15
     9 | D        | Reached XP level 4. HP: 27/53 MP: 3/18
     9 | D        | Reached XP level 5. HP: 30/59 MP: 3/20
     9 | D        | Reached XP level 6. HP: 34/67 MP: 3/22
     9 | D        | Reached XP level 7. HP: 37/73 MP: 3/23
     9 | D        | Reached XP level 8. HP: 41/81 MP: 3/25
     9 | D        | Reached XP level 9. HP: 43/86 MP: 3/26
     9 | D        | Reached XP level 10. HP: 47/94 MP: 3/27
     9 | D        | Reached XP level 11. HP: 50/101 MP: 3/28
    10 | D        | Noticed a bag of meat
    10 | D        | Killed a meat berserker
    10 | D        | Acquired Makhleb's first power
    10 | D        | Reached skill level 18 in Invocations
    10 | D        | Reached XP level 12. HP: 43/112 MP: 3/31
    11 | D        | Killed a bag of meat
    11 | D        | Reached skill level 20 in Invocations
    11 | D        | Reached XP level 13. HP: 10/122 MP: 3/32
    11 | D        | Killed a bag of meat
    11 | D        | Reached skill level 15 in Dodging
    11 | D        | Reached skill level 21 in Invocations
    12 | D        | Noticed a bag of meat
    12 | D        | Noticed a bag of meat
    12 | D        | Noticed a meat berserker
    12 | D        | Noticed a meat berserker
    12 | D        | Noticed a meat berserker
    12 | D        | Killed a bag of meat
    12 | D        | Acquired Makhleb's second power
    12 | D        | Reached skill level 22 in Invocations
    12 | D        | Reached XP level 14. HP: 11/133 MP: 3/34
    14 | D        | Noticed a bag of meat
    14 | D        | Killed a bag of meat
    14 | D        | Reached skill level 15 in Fighting
    14 | D        | Reached skill level 23 in Invocations
    15 | D        | Noticed a meat berserker
    15 | D        | Killed a meat berserker
    15 | D        | Reached XP level 15. HP: 141/144 MP: 4/36
    15 | D        | Killed a bag of meat
    15 | D        | Acquired Makhleb's third power
    15 | D        | Reached skill level 24 in Invocations
    16 | D        | Noticed a meat berserker
    16 | D        | Killed a meat berserker
    16 | D        | Reached skill level 25 in Invocations
    16 | D        | Killed a meat berserker
    16 | D        | Reached skill level 26 in Invocations
    18 | D        | Noticed a meat berserker
    18 | D        | Noticed a bag of meat
    18 | D        | Noticed a bag of meat
    19 | D        | Noticed a bag of meat
    19 | D        | Noticed a bag of meat
    19 | D        | Noticed a bag of meat
    19 | D        | Noticed a bag of meat
    19 | D        | Killed a meat berserker
    19 | D        | Acquired Makhleb's fourth power
    19 | D        | Reached XP level 16. HP: 157/159 MP: 5/38
    19 | D        | Killed a bag of meat
    19 | D        | Reached skill level 27 in Invocations
    19 | D        | Killed a bag of meat
    20 | D        | Noticed a bag of meat
    20 | D        | Killed a bag of meat
    20 | D        | Killed a meat berserker
    20 | D        | Acquired Makhleb's fifth power
    20 | D        | Reached XP level 17. HP: 170/173 MP: 5/39
    21 | D        | Noticed a bag of meat
    22 | D        | Killed a meat berserker
    24 | D        | Noticed a large bag of meat
    24 | D        | Killed a bag of meat
    24 | D        | Reached skill level 27 in Axes
    26 | D        | Killed a bag of meat
    26 | D        | Killed a bag of meat
    27 | D        | Killed a bag of meat
    27 | D        | Reached skill level 1 in Armour
    27 | D        | Reached XP level 18. HP: 192/192 MP: 7/39
    28 | D        | Noticed a meat berserker
    28 | D        | Noticed a destroyer
    28 | D        | Killed a bag of meat
    28 | D        | Reached skill level 5 in Polearms
    28 | D        | Reached skill level 10 in Translocations
    28 | D        | Killed a bag of meat
    28 | D        | Reached skill level 5 in Spellcasting
    29 | D        | Noticed a bag of meat
    30 | D        | Killed a bag of meat
    31 | D        | Noticed an eight-headed meat hydra
    31 | D        | Noticed a bag of meat
    31 | D        | Noticed The Servant
    31 | D        | Killed a destroyer
    31 | D        | Killed a large bag of meat
    31 | D        | Reached skill level 5 in Armour
    31 | D        | Reached skill level 10 in Stealth
    31 | D        | Reached skill level 15 in Translocations
    32 | D        | Noticed a destroyer
    32 | D        | Noticed a bag of meat
    32 | D        | Killed a meat berserker
    32 | D        | Reached XP level 19. HP: 201/204 MP: 8/40
    33 | D        | Noticed a destroyer
    33 | D        | Noticed a bag of meat
    33 | D        | Noticed a bag of meat
    34 | D        | Noticed a destroyer
    34 | D        | Noticed a bag of meat
    34 | D        | Noticed a meat berserker
    34 | D        | Noticed a destroyer
    34 | D        | Noticed a bag of meat
    35 | D        | Killed a nine-headed meat hydra
    35 | D        | Reached skill level 10 in Polearms
    35 | D        | Killed The Servant
    35 | D        | Reached skill level 10 in Spellcasting
    35 | D        | Killed a destroyer
    36 | D        | Noticed a bag of meat
    36 | D        | Killed a destroyer
    36 | D        | Reached skill level 27 in Fighting
    37 | D        | Noticed a bag of meat
    37 | D        | Killed a meat berserker
    37 | D        | Reached skill level 27 in Dodging
    37 | D        | Killed a destroyer
    37 | D        | Reached skill level 15 in Stealth
    37 | D        | Reached XP level 20. HP: 216/216 MP: 9/41
    38 | D        | Noticed a destroyer
    38 | D        | Noticed a bag of meat
    38 | D        | Noticed a bag of meat
    39 | D        | Noticed a sculptor of flesh
    39 | D        | Noticed a bag of meat
    39 | D        | Killed a bag of meat
    40 | D        | Noticed a destroyer
    40 | D        | Noticed a sculptor of flesh
    40 | D        | Killed a bag of meat
    40 | D        | Reached skill level 5 in Throwing
    41 | D        | Noticed a bag of meat
    41 | D        | Noticed a bag of meat
    41 | D        | Killed a bag of meat
    41 | D        | Killed a bag of meat
    41 | D        | Reached skill level 10 in Armour
    41 | D        | Killed a bag of meat
    42 | D        | Killed a bag of meat
    42 | D        | Reached skill level 15 in Polearms
    42 | D        | Killed a bag of meat
    42 | D        | Reached skill level 15 in Spellcasting
    42 | D        | Reached XP level 21. HP: 224/224 MP: 9/41
    43 | D        | Noticed a bag of meat
    43 | D        | Killed a destroyer
    43 | D        | Reached skill level 27 in Translocations
    44 | D        | Noticed a destroyer
    45 | D        | Noticed a meat berserker
    45 | D        | Killed a bag of meat
    45 | D        | Killed a destroyer
    45 | D        | Killed a bag of meat
    46 | D        | Noticed a tyrant
    47 | D        | Noticed a tyrant
    47 | D        | Killed a destroyer
    47 | D        | Killed a destroyer
    47 | D        | Killed a bag of meat
    48 | D        | Killed a bag of meat
    48 | D        | Reached XP level 22. HP: 233/233 MP: 11/43
    48 | D        | Killed a bag of meat
    48 | D        | Reached skill level 15 in Armour
    49 | D        | Noticed a tyrant
    49 | D        | Noticed a bag of meat
    49 | D        | Noticed a bag of meat
    49 | D        | Noticed a bag of meat
    49 | D        | Noticed a tyrant
    49 | D        | Noticed a meat berserker
    49 | D        | Noticed a bag of meat
    49 | D        | Noticed a bag of meat
    50 | D        | Noticed a bag of meat
    50 | D        | Noticed a destroyer
    51 | D        | Killed a bag of meat
    51 | D        | Killed a bag of meat
    52 | D        | Noticed a meat berserker
    52 | D        | Killed a bag of meat
    52 | D        | Reached skill level 10 in Throwing
    52 | D        | Reached skill level 27 in Stealth
    53 | D        | Killed a bag of meat
    54 | D        | Noticed a tyrant
    54 | D        | Killed a bag of meat
    54 | D        | Killed a meat berserker
    54 | D        | Killed a bag of meat
    54 | D        | Killed a sculptor of flesh
    54 | D        | Reached XP level 23. HP: 240/240 MP: 12/46
    55 | D        | Killed a destroyer
    56 | D        | Noticed a bag of meat
    56 | D        | Killed a bag of meat
    57 | D        | Noticed a bag of meat
    58 | D        | Noticed a bag of meat
    58 | D        | Noticed a tyrant
    58 | D        | Killed a bag of meat
    58 | D        | Killed a bag of meat
    59 | D        | Killed a meat berserker
    59 | D        | Reached skill level 27 in Polearms
    60 | D        | Killed a meat berserker
    60 | D        | Reached skill level 15 in Throwing
    60 | D        | Reached skill level 27 in Spellcasting
    61 | D        | Noticed a destroyer
    61 | D        | Noticed a meat berserker
    61 | D        | Noticed a meat berserker
    62 | D        | Killed a tyrant
    64 | D        | Killed a bag of meat
    68 | D        | Killed a tyrant
    71 | D        | Noticed a bag of meat
    71 | D        | Noticed a bag of meat
    71 | D        | Killed from afar by a tyrant

Action                   |  1- 3 |  4- 6 |  7- 9 | 10-12 | 13-15 | 16-18 | 19-21 | 22-24 || total
-------------------------+-------+-------+-------+-------+-------+-------+-------+-------++-------
Melee: Executioner's axe |     1 |       |       |     2 |     5 |     9 |    13 |    19 ||    49
  Use: Scroll            |       |       |       |       |       |       |       |     1 ||     1
